 Dungeon Crawl Stone Soup version 0.28.0-49-g6dfe1f597d (webtiles) character file.

Game seed: 6962922286713514313

26 Zeld the Conjurer (level 2, -3/23 HPs)
             Began as a Draconian Conjurer on May 16, 2022.
             Slain by an orc
             ... wielding a +0 trident
              (7 damage)
             ... on level 3 of the Dungeon.
             The game lasted 00:01:32 (1530 turns).

Zeld the Conjurer (Draconian Conjurer)              Turns: 1530, Time: 00:01:33

Health: -3/23      AC:  6    Str:  9    XL:     2   Next: 89%
Magic:  0/5        EV: 12    Int: 18    God:
Gold:   73         SH:  0    Dex:  9    Spells: 4/5 levels left

rFire   . . .      SeeInvis .   (no weapon)
rCold   . . .      Faith    .   (no shield)
rNeg    . . .      Spirit   .   (armour unavailable)
rPois   .          Reflect  .   (helmet restricted)
rElec   .          Harm     .   (no cloak)
rCorr   .          Rampage  .   c - +0 pair of gloves
Will    +....                   m - +0 pair of boots
Stlth   ++........              (no amulet)
HPRegen 0.07/turn               o - ring of willpower
MPRegen 0.09/turn               (no ring)

@: no status effects
A: AC +4, unfitting armour, cold-blooded
a: no special abilities


You were on level 3 of the Dungeon.
You visited 1 branch of the dungeon, and saw 3 of its levels.

You collected 73 gold pieces.

Inventory:

Armour
 c - a +0 pair of gloves (worn)
 m - a +0 pair of boots (worn)
Jewellery
 f - a ring of protection from fire
 o - a ring of willpower (left hand)
Scrolls
 a - 2 scrolls of identify {unknown}
 b - a scroll of immolation {unknown}
 d - 2 scrolls of teleportation {unknown}
 l - a scroll of noise {unknown}
Potions
 e - 2 potions of curing {unknown}
 g - a potion of cancellation {unknown}
 h - a potion of haste {unknown}
 i - a potion of heal wounds {unknown}
 j - a potion of might {unknown}
 k - 2 potions of invisibility {unknown}
 n - a potion of brilliance {unknown}


   Skills:
 * Level 1.3 Fighting
 + Level 1.9 Dodging
 + Level 2.0 Stealth
 * Level 2.3 Spellcasting
 * Level 4.2 Conjurations


You had 4 spell levels left.
You knew the following spells:

 Your Spells              Type           Power      Damage    Failure   Level
a - Magic Dart            Conj           68%        1d6       3%          1

Your spell library contained the following spells:

 Spells                   Type           Power      Damage    Failure   Level
 Searing Ray              Conj           34%        2d5       4%          2
 Dazzling Flash           Conj/Hex       18%        N/A       22%         3
 Fulminant Prism          Conj/Hex       4%         3d6       58%         4
 Iskenderun's Mystic Bla  Conj/Tloc      9%         2d4       58%         4


Dungeon Overview and Level Annotations

Branches:
Dungeon (3/15)

Altars:
Gozag


Innate Abilities, Weirdness & Mutations

Your plain brown scales are hard. (AC +4)
You cannot fit into any form of body armour.
You are cold-blooded and may be slowed by cold attacks.


Message History

Aim: an orc, wielding a +0 trident (heavily wounded, 100% to hit)
The magic dart hits the orc.
You kill the orc!
Unknown command.
Casting: Magic Dart (safe; 3% risk of failure)
Confirm with . or Enter, or press ? or * to list all spells.
You don't have enough magic to cast this spell.
Unknown command.
Unknown command.
An orc comes into view. It is wielding a +1 mace of holy wrath.
The orc shouts!
You hear a shout! x2
A gnoll comes into view. It is wielding a +0 club.
You hit the orc. You tail-slap the orc.
The orc is heavily wounded.
The orc hits you with a +1 mace of holy wrath.
You hit the orc.
The orc is heavily wounded.
The orc hits you but does no damage. The orc closely misses you.
The orc hits you with a +1 mace of holy wrath.
Casting: Magic Dart (safe; 3% risk of failure)
Confirm with . or Enter, or press ? or * to list all spells.
Aiming: Magic Dart (safe; 3% risk of failure)
Press: ? - help, Shift-Dir - straight line, f/p - orc
Aim: an orc, wielding a +0 trident (moderately wounded, 100% to hit)
The magic dart hits the orc.
The orc is heavily wounded.
The orc hits you but does no damage. The orc misses you.
The orc barely misses you.
A gnoll comes into view. It is wielding a +0 whip.
You barely miss the orc.
The orc is heavily wounded.
The orc barely misses you. The orc hits you but does no damage.
The orc completely misses you.
Unknown command.
You hit the orc.
The orc is almost dead.
The orc hits you with a +0 club.
* * * LOW HITPOINT WARNING * * *
The orc hits you from afar with a +0 trident!
You die...

##... ....
##.#. ...
..g #g#
#o# #@#
#o# #
#o#.#
#.####o#.#
#........#
######.###
#)# #.#
...


You could see 2 gnolls and 4 orcs.

Vanquished Creatures
  2 orcs (D:3)
  A ball python (D:2)
  2 bats
  An endoplasm (D:1)
  A giant cockroach (D:1)
  2 goblins (D:1)
  3 hobgoblins
  6 kobolds
  A quokka (D:2)
  4 rats
23 creatures vanquished.

Notes
Turn   | Place    | Note
-------+----------+-------------------------------------------
     0 | D:1      | Zeld the Draconian Conjurer began the quest for the Orb.
     0 | D:1      | Reached XP level 1. HP: 14/14 MP: 3/3
   320 | D:1      | Found a faded altar of an unknown god.
   358 | D:1      | Reached XP level 2. HP: 22/22 MP: 1/5
   745 | D:1      | Reached skill level 1 in Fighting
  1371 | D:2      | Found an opulent altar of Gozag.
  1530 | D:3      | Slain by an orc

Illustrated notes

Levels and vault maps discovered:
D:1:      onia_arrival_pyramid, layout_basic,
          dilly_ecumenical_altar_fadedgnrine, minmay_misc_feat_iff,
          minmay_misc_feat_tiny
D:2:      layout_basic, basic_altar
D:3:      layout_loops_ring

Skill      XL: |  1  2 |
---------------+-------+-----
Fighting       | 1 |  1.3
Stealth        | 2 |  2.0
Dodging        | |  1.9
Spellcasting   | |  2.3
Conjurations   | |  4.2

Action                   || total
-------------------------++-------
Melee: Unarmed           ||    22
       Tailslap          ||     2
 Cast: Magic Dart        ||    42
Armor: Skin              ||    10
Dodge: Dodged            ||    22
